 Dungeon Crawl Stone Soup version 0.29.0-4-gdea44cf6ec (webtiles) character file.

Game seed: 3017426323435805119

333 qw the Chopper (level 6, -7/36 HPs)
             Began as a Tengu Warper on Aug 28, 2022.
             Mangled by a gnoll
             ... wielding a +0 flail
             ... led by a gnoll bouda
              (8 damage)
             ... on level 4 of the Dungeon.
             The game lasted 00:00:20 (3434 turns).

qw the Chopper (Tengu Warper)                       Turns: 3434, Time: 00:00:20

Health: -7/36      AC: 13    Str: 14    XL:     6   Next: 52%
Magic:  10/10      EV:  7    Int: 13    God:
Gold:   113        SH:  5    Dex: 13    Spells: 9/9 levels left

rFire   . . .      SeeInvis .   Y - +1 hand axe
rCold   . . .      Faith    .   (no shield)
rNeg    . . .      Spirit   .   b - +0 chain mail
rPois   .          Reflect  +   (helmet restricted)
rElec   .          Harm     .   i - +0 cloak
rCorr   .          Rampage  .   (no gloves)
Will    .....                   (boots unavailable)
Stlth   ..........              l - amulet of reflection
HPRegen 0.12/turn               g - +4 ring of protection
MPRegen 0.12/turn               (no ring)

@: about to teleport, flying quickly and evasively, quick
A: beak, talons 3, nimble flight
a: no special abilities


You were on level 4 of the Dungeon.
You visited 1 branch of the dungeon, and saw 4 of its levels.

You collected 113 gold pieces.


Innate Abilities, Weirdness & Mutations

You have a beak for a mouth.
You have claws for feet.
Your magical nature lets you fly swiftly and evasively.


   Skills:
 + Level 2.4 Fighting
 - Level 7.0 Axes
 - Level 1.0 Throwing
 - Level 2.0 Armour
 - Level 2.1 Dodging
 - Level 2.0 Spellcasting
 - Level 2.4 Translocations


You had 9 spell levels left.
You didn't know any spells.
Your spell library contained the following spells:

 Spells                   Type           Power      Damage    Failure   Level
 Blink                    Tloc           14%        N/A       98%         2
 Gell's Gravitas          Tloc           7%         N/A       100%        3
 Lesser Beckoning         Tloc           7%         N/A       100%        3
 Teleport Other           Tloc           7%         N/A       100%        3
 Manifold Assault         Tloc           7%         N/A       100%        5

Inventory:

Hand Weapons
 d - a +0 whip
 Y - a +1 hand axe (weapon)
Missiles
 e - 4 silver javelins (quivered)
 f - 4 boomerangs
Armour
 b - a +0 chain mail (worn)
 i - a +0 cloak (worn)
Jewellery
 g - a +4 ring of protection (left hand)
 l - an amulet of reflection (around neck)
Scrolls
 a - 4 scrolls of identify

Dungeon Overview and Level Annotations

Branches:
Dungeon (4/15)
 Temple: D:4-7

Altars:
Cheibriados
Hepliaklqana

Annotations:
D:3 4 runed translucent doors, Crazy Yiuf; qw's ghost, amateur TeWr


Message History

You closely miss the gnoll. Your kick misses the gnoll. You peck the gnoll.
The gnoll is lightly wounded.
You hit the gnoll. x2; You hit the gnoll but do no damage.
You block the gnoll's attack. The gnoll barely misses you.
The gnoll hits you but does no damage.
You hit the gnoll. Your kick misses the gnoll.
The gnoll is severely wounded.
You hit the gnoll. You barely miss the gnoll.
You hit the gnoll but do no damage. You block the gnoll's attack.
The gnoll closely misses you.
The gnoll hits you with a +2 flail of pain.
You writhe in agony.
You block the gnoll's attack.
You hit the gnoll.
You kill the gnoll!
You hit the gnoll but do no damage. You barely miss the gnoll. x2
You hit the gnoll bouda. The gnoll hits you with a +0 flail!
The gnoll completely misses you. The gnoll bouda barely misses you.
The gnoll hits you but does no damage.
You hit the gnoll but do no damage.
The gnoll is moderately wounded.
You closely miss the gnoll.
You hit the gnoll bouda but do no damage.
You hit the gnoll. The gnoll hits you with a +0 flail.
The gnoll hits you with a +2 flail of pain!
The gnoll hits you but does no damage.
The gnoll bouda calls upon its god to heal the gnoll.
The gnoll's wounds heal themselves!
3433 ||| READING scroll of teleportation.
As you read the scroll of teleportation, it crumbles to dust.
You feel strangely unstable. The gnoll barely misses you.
The gnoll hits you with a +2 flail of pain.
You writhe in agony.
The gnoll hits you but does no damage.
The gnoll bouda hits you but does no damage.
You barely miss the gnoll. You claw the gnoll.
The gnoll is severely wounded.
You hit the gnoll. x2; You closely miss the gnoll bouda.
The gnoll hits you with a +0 flail!
You die...

########.#
#######.<......#
#.......########
#..............
#.......####...
#.......#
#...g@).#
##..ggg......
#...........
#...........
#.........#.
#.........#
#.........#
#.........#


You could see a gnoll bouda and 3 gnolls.

Vanquished Creatures
  Sigmund (D:2)
  An orc wizard (D:3)
  Robin (D:2)
  5 adders
  A gnoll (D:4)
  A worm (D:3)
  5 orcs
  2 endoplasms (D:3)
  2 giant cockroaches
  15 goblins
  12 hobgoblins
  7 kobolds
  A quokka (D:2)
  5 ball pythons
  7 bats
  2 frilled lizards (D:3)
  2 rats (D:2)
  A spectral goblin (D:3)
71 creatures vanquished.

Notes
Turn   | Place    | Note
-------+----------+-------------------------------------------
     0 | D:1      | qw the Tengu Warper began the quest for the Orb.
     0 | D:1      | Reached XP level 1. HP: 12/12 MP: 4/4
     0 | D:1      | 0 ||| qw: Version: 0.1-a-89-g26bdef1
     0 | D:1      | 0 ||| qw: Game counter: 641
     0 | D:1      | 0 ||| qw: Always use a shield: true
     0 | D:1      | 0 ||| qw: God list: Okawaru
     0 | D:1      | 0 ||| qw: Allow faded altars: false
     0 | D:1      | 0 ||| qw: Do Orc after D:15 true
     0 | D:1      | 0 ||| qw: Do second Lair branch before Depths: true
     0 | D:1      | 0 ||| qw: Lair rune preference: random
     0 | D:1      | 0 ||| qw: Plans: Normal
     0 | D:1      | 0 ||| PLANNING D:1-11
    28 | D:1      | HP: 2/12 [kobold/+0 whip (3)]
   416 | D:1      | Reached XP level 2. HP: 12/17 MP: 6/6
   443 | D:1      | Reached skill level 3 in Axes
   947 | D:1      | 947 ||| UPGRADING to +0 scale mail.
   957 | D:1      | 957 ||| DROPPING +0 leather armour.
   958 | D:1      | 958 ||| READING 3 scrolls labelled DILIB FAZY.
   959 | D:1      | 959 ||| READING scroll labelled UKETIO FAAPODUIP.
   960 | D:1      | 960 ||| READING scroll labelled LYRIUKI XULAVO.
   961 | D:1      | 961 ||| READING scroll labelled LEODGHI DOST.
   966 | D:1      | 966 ||| READING 2 scrolls of identify.
   966 | D:1      | 966 ||| IDENTIFYING dark potion
   967 | D:1      | 967 ||| DROPPING scroll of blinking.
  1140 | D:2      | Found a faded altar of an unknown god.
  1157 | D:2      | Identified the +1 helmet of the Hundredfold Souls {-Tele
                  | Str+5 SInv}
  1157 | D:2      | Noticed Robin
  1158 | D:2      | Reached XP level 3. HP: 19/21 MP: 7/7
  1168 | D:2      | Killed Robin
  1169 | D:2      | Reached skill level 4 in Axes
  1170 | D:2      | 1170 ||| Stepping ~*~*~tactically~*~*~ (stealth).
  1282 | D:2      | 1282 ||| Stepping ~*~*~tactically~*~*~ (stealth).
  1283 | D:2      | 1283 ||| Stepping ~*~*~tactically~*~*~ (stealth).
  1284 | D:2      | 1284 ||| Stepping ~*~*~tactically~*~*~ (stealth).
  1505 | D:2      | Reached XP level 4. HP: 25/26 MP: 8/8
  1623 | D:2      | Noticed Sigmund
  1625 | D:2      | 1625 ||| DRINKING potion of curing.
  1625 | D:2      | 1625 ||| (to cure confusion)
  1638 | D:2      | HP: 6/26 [something (3)]
  1640 | D:2      | Killed Sigmund
  1641 | D:2      | Reached skill level 6 in Axes
  1641 | D:2      | Gained mutation: Your magical nature lets you fly swiftly
                  | and evasively. [Tengu growth]
  1641 | D:2      | Reached XP level 5. HP: 7/30 MP: 9/9
  1641 | D:2      | Reached XP level 6. HP: 8/35 MP: 10/10
  2076 | D:2      | 2076 ||| UPGRADING to +0 chain mail.
  2086 | D:2      | 2086 ||| UPGRADING to +0 cloak.
  2091 | D:2      | 2091 ||| DROPPING +0 scale mail.
  2092 | D:2      | 2092 ||| UPGRADING to amulet of reflection.
  2097 | D:2      | 2097 ||| UPGRADING to +4 ring of protection.
  2098 | D:2      | 2098 ||| READING scroll labelled ICUYSOICHU.
  2099 | D:2      | 2099 ||| DRINKING 2 sedimented silvery potions.
  2100 | D:2      | 2100 ||| READING 7 scrolls of identify.
  2100 | D:2      | 2100 ||| IDENTIFYING fuming puce potion
  2101 | D:2      | 2101 ||| READING 6 scrolls of identify.
  2101 | D:2      | 2101 ||| IDENTIFYING glowing ruby potion
  2102 | D:2      | 2102 ||| DROPPING potion of degeneration.
  2103 | D:2      | 2103 ||| DROPPING potion of attraction.
  2104 | D:2      | 2104 ||| DROPPING potion of flight.
  2145 | D:3      | 2145 ||| STAIRDANCE
  2263 | D:3      | 2263 ||| Stepping ~*~*~tactically~*~*~ (stealth).
  2306 | D:3      | 2306 ||| Stepping ~*~*~tactically~*~*~ (hiding).
  2307 | D:3      | 2307 ||| Stepping ~*~*~tactically~*~*~ (hiding).
  2372 | D:3      | 2372 ||| Stepping ~*~*~tactically~*~*~ (stealth).
  2435 | D:3      | Found a hazy altar of Hepliaklqana.
  2536 | D:3      | Noticed qw's ghost (amateur TeWr)
  2539 | D:3      | Found a runed translucent gate.
  2546 | D:3      | Found a runed translucent gate.
  2546 | D:3      | Found a runed translucent gate.
  2556 | D:3      | 2556 ||| Stepping ~*~*~tactically~*~*~ (stealth).
  2557 | D:3      | 2557 ||| Stepping ~*~*~tactically~*~*~ (stealth).
  2661 | D:3      | Reached skill level 7 in Axes
  2742 | D:3      | Found a snail-covered altar of Cheibriados.
  3058 | D:3      | Found a runed translucent door.
  3059 | D:3      | Noticed Crazy Yiuf
  3349 | D:3      | 3349 ||| READING scroll labelled CONLATREKH.
  3350 | D:3      | 3350 ||| READING scroll labelled GUNEEP DOMUJ.
  3351 | D:3      | 3351 ||| READING 5 scrolls of identify.
  3351 | D:3      | 3351 ||| IDENTIFYING golden potion
  3352 | D:3      | 3352 ||| DROPPING potion of magic.
  3432 | D:4      | HP: 6/36 [gnoll/+2 flail of pain[a gnoll bouda] (11)]
  3433 | D:4      | 3433 ||| READING scroll of teleportation.
  3433 | D:4      | HP: 2/36 [gnoll/+2 flail of pain[a gnoll bouda] (4)]
  3434 | D:4      | Mangled by a gnoll

Levels and vault maps discovered:
D:1:      dpeg_arrival_tiny_a, layout_rooms, minivault_23
D:2:      layout_loops_ring, dreamdust_ecumenical_altar_statues,
          minmay_diced_spiral, uniq_robin, uniq_sigmund
D:3:      layout_loops_corners, cheibrodos_worm_habitat,
          nicolae_hepliaklqana_monster_ancestors, gammafunk_ghost_split,
          uniq_crazy_yiuf_cottage
D:4:      layout_basic, elyvilon_altar_1

Skill      XL: |  1  2  3  4  5  6 |
---------------+-------------------+-----
Axes           | 3 4 6 7 |  7.0
Armour         | 2 |  2.0
Fighting       | |  2.4
Throwing       | |  1.0
Dodging        | |  2.1
Spellcasting   | |  2.0
Translocations | |  2.4

Action                   |  1- 3 |  4- 6 || total
-------------------------+-------+-------++-------
Melee: Hand axe          |    92 |    76 ||   168
       Kick              |    20 |    20 ||    40
       Peck              |     8 |    10 ||    18
Throw: Boomerang         |     7 |     2 ||     9
       Javelin           |    12 |    28 ||    40
  Use: Scroll            |     5 |     7 ||    12
       Potion            |       |     2 ||     2
Armor: Leather armour    |    15 |       ||    15
       Scale mail        |    27 |     6 ||    33
       Chain mail        |       |    32 ||    32
Dodge: Dodged            |    55 |    21 ||    76
Block: Other             |       |    19 ||    19
       Reflection        |       |     3 ||     3

Table legend:
 A = Non-vault XP
 B = Vault XP
 C = Vault XP percentage of total XP
 D = Non-vault monster count
 E = Vault monster count
 F = Vault count percentage of total count
                 A         B        C        D         E       F
            +---------+---------+-------+---------+---------+-------
      Total |     189 |     287 |  60.3 |      49 |      22 |  31.0
            +---------+---------+-------+---------+---------+-------
        D:1 |      22 |       0 |   0.0 |      13 |       0 |   0.0
        D:2 |      32 |     279 |  89.7 |      13 |      19 |  59.4
        D:3 |     122 |       8 |   6.2 |      22 |       3 |  12.0
        D:4 |      13 |       0 |   0.0 |       1 |       0 |   0.0
            +---------+---------+-------+---------+---------+-------
